 Dungeon Crawl Stone Soup version 0.17-a0-1421-g95311d7 (console) character file.

158 panicbit the Shield-Bearer (level 5, -3/47 HPs)
             Began as a Minotaur Fighter on June 24, 2015.
             Killed by nerve-wracking pain
             ... invoked by Grinder
              (12 damage)
             ... on level 3 of the Dungeon.
             The game lasted 00:10:15 (1518 turns).

panicbit the Shield-Bearer (Minotaur Fighter)       Turns: 1518, Time: 00:10:16

Health: -3/47      AC: 10    Str: 20    XL:     5   Next: 16%
Magic:  4/4        EV:  8    Int:  5    God:
Gold:   152        SH:  9    Dex: 11    Spells: 0 memorised, 4 levels left

rFire  . . .     SeeInvis .     a - +0 war axe
rCold  . . .     Clarity  .     b - +0 scale mail
rNeg   . . .     SustAt   .     c - +0 shield
rPois  .         Gourm    .     (helmet restricted)
rElec  .         Spirit   .     o - +2 cloak
rCorr  .         Warding  .     (no gloves)
rMut   .         Stasis   .     (no boots)
MR     .....                    (no amulet)
Stlth  ..........               (no ring)
                                (no ring)

@: not resistant to hostile enchantments, extremely unstealthy
A: retaliatory headbutt, horns 2
a: no special abilities


You were on level 3 of the Dungeon.
You were not hungry.

You visited 1 branch of the dungeon, and saw 3 of its levels.

You collected 152 gold pieces.

Inventory:

Hand weapons
 a - a +0 war axe (weapon)
Armour
 b - a +0 scale mail (worn)
 c - a +0 shield (worn)
 o - a +2 cloak (worn)
Magical devices
 u - a wand of frost (12)
Scrolls
 h - 4 scrolls of identify {unknown}
 j - a scroll of enchant armour {unknown}
 k - 2 scrolls of immolation {unknown}
 l - 2 scrolls of random uselessness {unknown}
 m - a scroll of fog {unknown}
 n - a scroll of fear {unknown}
 r - a scroll of noise {unknown}
Potions
 d - 2 potions of might
 f - a potion of degeneration {unknown}
 p - a potion of curing {unknown}
 q - a potion of brilliance {unknown}
 s - a potion of flight {unknown}
 t - a potion of poison {unknown}
Comestibles
 e - 2 bread rations
 g - 8 chunks of flesh
 i - 2 beef jerkies
 v - a meat ration


   Skills:
 + Level 4.6 Fighting
 + Level 3.5 Axes
 + Level 4.6 Armour
 + Level 1.4 Dodging
 + Level 0.3 Stealth
 + Level 4.6 Shields


You had 4 spell levels left.
You didn't know any spells.

Dungeon Overview and Level Annotations

Branches:
Dungeon (3/15)

Altars:
Ashenzari
Xom

Annotations:
D:3 Grinder


Innate Abilities, Weirdness & Mutations

You reflexively headbutt those who attack you in melee.
You have a pair of horns on your head.


Message History

Grinder gestures at you. Pain shoots through your body!
You see here 2 chunks of flesh.
Grinder misses you.
You hit Grinder.
Grinder is lightly wounded.
Grinder hits you but does no damage. Grinder hits you!
You writhe in agony.
You closely miss Grinder. Your headbutt misses Grinder.
Grinder is lightly wounded.
Grinder hits you.
You writhe in agony.
Grinder gestures at you.
You suddenly lose the ability to move!
You can move again.
You see here 2 chunks of flesh.
Grinder gestures at you. Pain shoots through your body!
* * * LOW HITPOINT WARNING * * *
Grinder gestures at you. Pain shoots through your body!
You die...

.. ).# #.# #.#
#.###.#
#.....########
#.##..........
#.###%######..
#.###.###.#
#.......5.#
#####@##### #.#
#>## ##+# #..#
##...## ##.###
##.....# #.#.##
##.......
##....####........
#........+........
#.###..####........


You could see Grinder.

Vanquished Creatures
  An orc wizard (D:3)
  Ijyb (D:3)
  Terence (D:2)
  An adder (D:2)
  2 worms (D:3)
  5 orcs (D:3)
  4 giant cockroaches
  9 goblins
  4 hobgoblins
  4 jackals (D:1)
  3 kobolds
  A quokka (D:3)
  7 bats
  2 giant newts
  9 rats
54 creatures vanquished.

Notes
Turn   | Place    | Note
--------------------------------------------------------------
     0 | D:1      | panicbit the Minotaur Fighter began the quest for the Orb.
     0 | D:1      | Reached XP level 1. HP: 19/19 MP: 0/0
    74 | D:1      | Reached XP level 2. HP: 27/27 MP: 1/1
    77 | D:1      | Reached skill level 4 in Shields
   405 | D:2      | Found a shimmering altar of Xom.
   414 | D:2      | Upgraded the game from 0.17-a0-1411-g06ff558 to 0.17-a0-1421-g95311d7
   527 | D:2      | Reached XP level 3. HP: 29/33 MP: 2/2
   987 | D:2      | Found a shattered altar of Ashenzari.
   992 | D:2      | Noticed Terence
  1031 | D:2      | Killed Terence
  1031 | D:2      | Reached skill level 1 in Dodging
  1031 | D:2      | Reached XP level 4. HP: 37/40 MP: 3/3
  1400 | D:3      | Noticed Ijyb
  1408 | D:3      | Killed Ijyb
  1408 | D:3      | Reached XP level 5. HP: 47/47 MP: 4/4
  1507 | D:3      | Noticed Grinder
  1512 | D:3      | Paralysed by Grinder for 2 turns
  1518 | D:3      | Killed from afar by Grinder

Vault maps used:
D:1:      dpeg_arrival_prison
D:2:      nicolae_overflow_crystal_walls, serial_corexii_hall,
          corexii_hall_statues_l, corexii_hall_statues_l,
          corexii_hall_statues_t, corexii_hall_statues_s,
          nicolae_ashenzari_panopticon, uniq_terence
D:3:      first_bread, uniq_crazy_yiuf_cottage, uniq_grinder, uniq_jessica,
          uniq_iyjb

Action                   |  1- 3 |  4- 6 || total
-------------------------+-------+-------++-------
Melee: War axe           |   104 |    32 ||   136
  Eat: Chunk             |     1 |     1 ||     2
